 Dungeon Crawl Stone Soup version 0.17.0-7-gfadd4cc (webtiles) character file.

3547 Drakale the Skirmisher (level 9, -3/72 HPs)
             Began as a Mummy Wanderer on Nov 9, 2015.
             Was an Initiate of Kikubaaqudgha.
             Slain by Erica
             ... wielding a +0 scimitar of flaming
              (9 damage)
             ... on level 8 of the Dungeon.
             The game lasted 00:32:32 (8698 turns).

Drakale the Skirmisher (Mummy Wanderer)             Turns: 8698, Time: 00:32:35

Health: -3/72      AC: 14    Str: 18    XL:     9   Next: 83%
Magic:  13/13      EV: 14    Int: 11    God:    Kikubaaqudgha [......]
Gold:   941        SH:  0    Dex: 17    Spells: 0 memorised, 13 levels left

rFire  x . .     SeeInvis .     v - +2 whip of Noon {vamp, *Contam Str+2 Dex+3}
rCold  + . .     Clarity  .     z - +0 swamp dragon armour
rNeg   + + +     SustAt   .     (no shield)
rPois  ∞         Gourm    .     y - +0 helmet
rElec  .         Spirit   .     x - +0 cloak
rCorr  .         Warding  .     k - +0 pair of gloves
rMut   .         Stasis   .     r - +1 pair of boots
MR     +....                    (no amulet)
Stlth  ++........               (no ring)
                                f - +2 ring of slaying

@: somewhat resistant to hostile enchantments, unstealthy
A: no food or potions, fire vulnerability, cold resistance 1, negative energy
resistance 3, torment resistance, unbreathing
a: Renounce Religion


You were on level 8 of the Dungeon.
You worshipped Kikubaaqudgha.
Kikubaaqudgha was noncommittal.
You were not hungry.

You visited 1 branch of the dungeon, and saw 8 of its levels.
You also visited: Ossuary.

You collected 1008 gold pieces.
You paid 67 gold pieces to Gozag.

Inventory:

Hand Weapons
 a - a +2 shortbow
 c - a +0 mace
 e - a +0 flail of protection
 o - a +0 whip
 v - the +2 whip of Noon (weapon) {vamp, *Contam Str+2 Dex+3}
   (You found it on level 4 of the Dungeon)

   It inflicts no extra harm, but heals its wielder somewhat when it strikes a
   living foe.
   It affects your strength (+2).
   It affects your dexterity (+3).
   It causes magical contamination when unequipped.
 w - a +0 arbalest
Missiles
 b - 38 arrows
 g - a throwing net (quivered)
 A - 15 arrows of flame
 E - 12 arrows of dispersal
Armour
 k - a +0 pair of gloves (worn)
 r - a +1 pair of boots (worn)
 u - a +2 robe of fire resistance
 x - a +0 cloak (worn)
 y - a +0 helmet (worn)
 z - a +0 swamp dragon armour (worn)
Jewellery
 f - a +2 ring of slaying (left hand)
Wands
 j - a wand of confusion (24)
 n - a wand of confusion (0)
 s - a wand of frost (5)
 C - a wand of fire (4)
 D - a wand of frost (27)
Scrolls
 d - a scroll of teleportation
 h - 10 scrolls of identify
 i - 2 scrolls of recharging
 m - 4 scrolls of remove curse
 t - a scroll of enchant armour


   Skills:
 + Level 7.0 Fighting
 + Level 3.9 Maces & Flails
 + Level 4.6 Bows
 + Level 4.0 Armour
 + Level 5.4 Dodging
 + Level 3.8 Stealth
 * Level 2.9 Spellcasting
 * Level 2.6 Necromancy
 + Level 2.3 Evocations


You had 13 spell levels left.
You didn't know any spells.

Dungeon Overview and Level Annotations

Branches:
Dungeon (8/15)
 Temple: D:4-7         Lair: D:8-11

Altars:
Cheibriados
Dithmenos
Fedhas
Gozag
Kikubaaqudgha
Trog
Vehumet
Xom
Yredelemnul
The Shining One

Annotations:
D:8 Erica


Innate Abilities, Weirdness & Mutations

You do not eat or drink.
Your flesh is vulnerable to fire.
You are immune to poison.
Your flesh is cold resistant.
You are immune to negative energy.
You are immune to unholy pain and torment.
You can survive without breathing.


Message History

Erica is severely wounded.
Erica hits you but does no damage.
You hit Erica.
Erica is almost dead.
Erica closely misses you.
Erica hits you with a scimitar of flaming.
Erica burns you.
You hit Erica.
You feel better.
Erica is almost dead.
Erica barely misses you.
You barely miss Erica.
Erica is almost dead.
Erica barely misses you.
You hit Erica.
You feel better.
Erica is almost dead.
Erica hits you with a scimitar of flaming!!
* * * LOW HITPOINT WARNING * * *
Erica burns you!
You die...
Kikubaaqudgha rasps: "You have failed me!
Welcome... oblivion!"

.##...#.##.#.#[(....#.#
.##.#.#.......[.)...#.#
.##.#...[..#...#)#..#J#
.##...#...!..#<#.#..#.#
.####.#.#.#..#.#.#..#.#
..J.J.#.<<.......#..#.#
#######..........#..#..
J................#..#.. #
#######..#......@#..#...#
#...#.#.###.@J.....#
#.....#.# ###......#
#.#...#.# ......#
#.#####.# ).....# #. ...
..!...# ..!...# .....##
#.#...


You could see Erica (berserk) and a slime creature.

Vanquished Creatures
  4 slime creatures (D:8)
  Sigmund (D:5)
  A hungry ghost (D:7)
  Menkaure (D:5)
  Edmund (D:5)
  4 ice beasts
  A black bear (D:5)
  2 ogres
  A centaur (D:7)
  2 phantoms
  3 giant frogs
  2 water moccasin zombies
  3 scorpions
  3 crimson imps
  A centaur zombie (D:6)
  A centaur skeleton (D:7)
  A human zombie (Ossuary)
  Crazy Yiuf (D:7)
  2 giant frog skeletons
  An iguana (D:5)
  An orc priest (D:5)
  3 orc wizards
  Jessica (D:3)
  4 worker ants
  2 big kobold zombies (Ossuary)
  2 mummies (Ossuary)
  A hound zombie (D:7)
  2 hound skeletons (D:4)
  A gnoll (D:1)
  9 adders
  A shadow imp (D:5)
  3 adder zombies
  An adder skeleton (D:6)
  5 worms
  5 giant geckos
  23 orcs
  7 bats
  5 goblins
  5 hobgoblins
  7 kobolds
  5 quokkas
  2 ball pythons (D:2)
  6 giant cockroaches
  A giant gecko zombie (D:7)
  7 giant newts
  12 hobgoblin zombies (Ossuary)
  8 jackals
  3 jackal zombies (Ossuary)
  8 kobold zombies (Ossuary)
  7 orc zombies (Ossuary)
  A quokka zombie (D:7)
  8 rats
  2 rat zombies (Ossuary)
  A butterfly (D:6)
195 creatures vanquished.

Vanquished Creatures (others)
  5 sheep (D:6)
5 creatures vanquished.

Grand Total: 200 creatures vanquished

Notes
Turn   | Place    | Note
--------------------------------------------------------------
     0 | D:1      | Drakale the Mummy Wanderer began the quest for the Orb.
     0 | D:1      | Drakale set off with: a +2 shortbow, 26 arrows, a +0 mace, a scroll of teleportation, a +0 robe
     0 | D:1      | Reached XP level 1. HP: 19/19 MP: 1/1
   169 | D:1      | Reached XP level 2. HP: 25/25 MP: 2/2
   241 | D:1      | Reached XP level 3. HP: 9/31 MP: 3/3
  1247 | D:2      | Reached XP level 4. HP: 38/38 MP: 4/4
  1777 | D:3      | Found a radiant altar of Vehumet.
  2124 | D:3      | Found a glowing golden altar of the Shining One.
  2125 | D:3      | Found a snail-covered altar of Cheibriados.
  2348 | D:3      | Reached XP level 5. HP: 36/43 MP: 5/5
  2365 | D:3      | Noticed Jessica
  2370 | D:3      | Killed Jessica
  2737 | D:4      | Found an opulent altar of Gozag.
  2753 | D:4      | Found a basalt altar of Yredelemnul.
  2789 | D:4      | Became a worshipper of Gozag Ym Sagoz the Greedy
  2946 | D:4      | Found a sand-covered staircase.
  2953 | D:4      | Noticed a phantom
  2956 | Ossuary  | Entered an ossuary
  3164 | Ossuary  | Reached XP level 6. HP: 50/50 MP: 6/6
  3333 | Ossuary  | Reached skill level 1 in Dodging
  3512 | D:4      | Reached skill level 1 in Maces & Flails
  3554 | D:4      | Killed a phantom
  3554 | D:4      | Reached skill level 5 in Fighting
  3768 | D:4      | Got a translucent whip
  3769 | D:4      | Identified the +2 whip of Noon {vamp, *Contam Str+2 Dex+3} (You found it on level 4 of the Dungeon)
  4204 | D:5      | Entered Level 5 of the Dungeon
  4224 | D:5      | Reached XP level 7. HP: 14/56 MP: 7/7
  4647 | D:5      | Noticed Sigmund
  4743 | D:5      | Noticed Edmund
  4821 | D:5      | Found a shadowy altar of Dithmenos.
  4837 | D:5      | Noticed Menkaure
  4858 | D:5      | Killed Menkaure
  4902 | D:5      | Reached XP level 8. HP: 23/63 MP: 8/8
  5197 | D:5      | Killed Edmund
  5869 | D:5      | Killed Sigmund
  6058 | D:6      | Found an ancient bone altar of Kikubaaqudgha.
  6067 | D:6      | Found a blossoming altar of Fedhas.
  6072 | D:6      | Fell from the grace of Gozag
  6072 | D:6      | Became a worshipper of Kikubaaqudgha
  6174 | D:6      | Found a shimmering altar of Xom.
  6194 | D:6      | Reached skill level 6 in Fighting
  6567 | D:6      | Reached skill level 1 in Necromancy
  6748 | D:6      | Reached XP level 9. HP: 49/69 MP: 10/10
  7062 | D:6      | Reached skill level 1 in Spellcasting
  7236 | D:7      | Found a bloodstained altar of Trog.
  7290 | D:7      | Found a radiant altar of Vehumet.
  7481 | D:7      | Noticed Crazy Yiuf
  7489 | D:7      | Killed Crazy Yiuf
  7938 | D:7      | Reached skill level 5 in Dodging
  8680 | D:8      | Noticed Erica
  8693 | D:8      | Was forgiven by Gozag
  8693 | D:8      | Reached skill level 7 in Fighting
  8698 | D:8      | Slain by Erica

Action                   |  1- 3 |  4- 6 |  7- 9 || total
-------------------------+-------+-------+-------++-------
Melee: Mace              |       |   125 |       ||   125
       Whip              |       |    55 |   537 ||   592
 Fire: Shortbow          |   101 |   138 |       ||   239
Invok: Potion Petition   |       |     1 |       ||     1
Evoke: Wand              |       |     2 |    35 ||    37
  Use: Scroll            |       |     3 |    10 ||    13
 Stab: Distracted        |       |     1 |       ||     1
       Confused          |       |     3 |     9 ||    12
       Sleeping          |       |       |     8 ||     8
